 Dungeon Crawl Stone Soup version 0.22.1-2-g9c5b331383 (webtiles) character file.

130 Knicklaso the Charmwright (level 4, 0/38 HPs)
             Began as a Draconian Skald on Nov 26, 2018.
             Slain by Crazy Yiuf
             ... wielding a +3 quarterstaff of chaos
              (8 damage)
             ... on level 3 of the Dungeon.
             The game lasted 00:06:15 (2128 turns).

Knicklaso the Charmwright (Draconian Skald)         Turns: 2128, Time: 00:06:15

Health: 0/38       AC:  5    Str: 13    XL:     4   Next: 89%
Magic:  1/7        EV: 12    Int: 14    God:
Gold:   67         SH:  0    Dex: 11    Spells: 0/8 levels left

rFire    . . .     SeeInvis .   a - +0 spear
rCold    . . .     Gourm    .   (no shield)
rNeg     . . .     Faith    .   (armour unavailable)
rPois    .         Spirit   .   (helmet restricted)
rElec    .         Reflect  .   (no cloak)
rCorr    .         Harm     .   (no gloves)
MR       .....                  (no boots)
Stlth    +.........             (no amulet)
HPRegen  0.12/turn              (no ring)
MPRegen  0.10/turn              (no ring)

@: infused, singing, slowed, very slow
A: unfitting armour, cold-blooded, AC +5
a: no special abilities


You were on level 3 of the Dungeon.
You were not hungry.

You visited 1 branch of the dungeon, and saw 3 of its levels.

You collected 67 gold pieces.

Inventory:

Hand Weapons
 a - a +0 spear (weapon)
Jewellery
 f - a +2 ring of dexterity {unknown}
 h - an uncursed ring of protection from magic {unknown}
Wands
 g - a wand of disintegration (13)
Scrolls
 b - 5 scrolls of identify {unknown}
 d - 2 scrolls of enchant weapon {unknown}
 j - a scroll of fog {unknown}
Potions
 e - 3 potions of agility
 i - a potion of flight {unknown}
Comestibles
 c - 6 rations
 k - 9 chunks of flesh


   Skills:
 + Level 3.0 Fighting
 * Level 3.3 Polearms
 - Level 2.1 Dodging
 + Level 2.6 Spellcasting
 * Level 0.0 Hexes
 * Level 3.6 Charms


You couldn't memorise any spells.
You knew the following spells:

 Your Spells              Type           Power        Failure   Level  Hunger
a - Infusion              Chrm           ##..         4%          1    #......
b - Song of Slaying       Chrm           ##......     8%          2    ###....
c - Shroud of Golubria    Chrm/Tloc      #.........   16%         2    ###....
d - Spectral Weapon       Hex/Chrm       #.......     30%         3    ###....

Your spell library contained the following spells:

 Spells                   Type           Power        Failure   Level  Hunger
 Regeneration             Chrm/Necr      #.........   32%         3    ###....


Dungeon Overview and Level Annotations

Branches:
Dungeon (3/15)

Altars:
Qazlal

Annotations:
D:1 exclusion: downstairs
D:2 2 exclusions, Sigmund
D:3 1 runed door, Crazy Yiuf; Tutankhamun's ghost, amateur OpIE


Innate Abilities, Weirdness & Mutations

Your plain brown scales are hard. (AC +5)
You cannot fit into any form of body armour.
You are cold-blooded and may be slowed by cold attacks.


Message History

You closely miss Crazy Yiuf.
Crazy Yiuf is heavily wounded.
Crazy Yiuf hits you with a quarterstaff of chaos!
You feel yourself slow down. Crazy Yiuf freezes you.
You are too injured to fight recklessly!
You barely miss Crazy Yiuf.
Your tail-slap misses Crazy Yiuf.
Crazy Yiuf is heavily wounded.
Crazy Yiuf misses you. Crazy Yiuf closely misses you.
You closely miss Crazy Yiuf. You tail-slap Crazy Yiuf.
Crazy Yiuf is severely wounded.
You feel yourself speed up.
Crazy Yiuf hits you with a quarterstaff of chaos!
* * * LOW HITPOINT WARNING * * *
You feel yourself slow down. Crazy Yiuf freezes you.
* * * LOW HITPOINT WARNING * * *
You closely miss Crazy Yiuf.
You tail-slap Crazy Yiuf, but do no damage.
Crazy Yiuf is severely wounded.
Crazy Yiuf hits you with a quarterstaff of chaos!
You die...

.....#.............# #...
.....#.............# #.#.
.....#.............# #.##
...###...########### #.##
##.# #...# #... #.# #...#
♣♣♣♣♣### ###. ##.###.### ###
♣♣♣.♣...)#######. .........#
#...#♣..♣....)......'.
....######
#...g@♣♣♣♣......###.#. ....#
#)..#♣♣ ♣♣.....# #.## ....#
### ♣♣##..# #.# ....######
#..# #.# .........# #..# #.#
.........################..#
#.#
.......)...................#
#.#
####.......................#
#.#
..........^................#
#.#


You could see Crazy Yiuf.

Vanquished Creatures
  An orc wizard (D:3)
  Terence (D:3)
  2 adders (D:3)
  A dart slug (D:2)
  2 orcs (D:3)
  6 giant cockroaches
  6 goblins
  5 hobgoblins
  9 jackals
  5 kobolds
  A quokka (D:3)
  5 bats
  3 frilled lizards
  7 rats
54 creatures vanquished.

Notes
Turn   | Place    | Note
-------+----------+-------------------------------------------
     0 | D:1      | Knicklaso the Draconian Skald began the quest for the Orb.
     0 | D:1      | Reached XP level 1. HP: 17/17 MP: 3/3
   162 | D:1      | Reached XP level 2. HP: 25/25 MP: 5/5
   634 | D:2      | Noticed Sigmund
   736 | D:1      | Reached XP level 3. HP: 17/30 MP: 6/6
  1381 | D:3      | Found a runed door.
  1381 | D:3      | Noticed Tutankhamun's ghost (amateur OpIE)
  1436 | D:3      | Noticed Terence
  1466 | D:3      | Killed Terence
  1466 | D:3      | Reached XP level 4. HP: 32/37 MP: 3/7
  1744 | D:3      | Found a stormy altar of Qazlal.
  1908 | D:3      | Learned a level 2 spell: Song of Slaying
  1911 | D:3      | Learned a level 2 spell: Shroud of Golubria
  1915 | D:3      | Learned a level 3 spell: Spectral Weapon
  2114 | D:3      | Found a runed door.
  2118 | D:3      | Noticed Crazy Yiuf
  2128 | D:3      | Slain by Crazy Yiuf

Skill      XL: |  1  2  3  4 |
---------------+-------------+-----
Charms         | 3 |  3.6
Polearms       | 3 |  3.3
Fighting       | 3 |  3.0
Dodging        | |  2.1
Spellcasting   | |  2.6

Action                   |  1- 3 |  4- 6 || total
-------------------------+-------+-------++-------
Melee: Spear             |   187 |    56 ||   243
       Tailslap          |    13 |     7 ||    20
 Cast: Infusion          |     6 |     4 ||    10
       Song of Slaying   |       |     1 ||     1
  Use: Potion            |     3 |       ||     3
 Stab: Sleeping          |       |     1 ||     1
  Eat: Chunk             |     1 |     3 ||     4
Armor: Skin              |    54 |    10 ||    64
Dodge: Dodged            |   147 |    17 ||   164
